 Dungeon Crawl Stone Soup version 0.30-a0-39-g42789b21ef (webtiles) character file.

Game seed: 10818208096478539006

2774 spaghetti the Ogre Mage (level 9, -4/91 (96) HPs)
             Began as an Ogre Hedge Wizard on Aug 29, 2022.
             Was an Elder of Fedhas.
             Slain by a vampire (6 damage)
             ... on level 7 of the Dungeon.
             The game lasted 00:12:09 (10480 turns).

spaghetti the Ogre Mage (Ogre Hedge Wizard)        Turns: 10480, Time: 00:12:09

HP:   -4/91 (96)    AC:  7    Str: 16    XL:     9   Next: 70%
MP:   9/21          EV:  9    Int: 22    God:    Fedhas [****..]
Gold: 367           SH:  0    Dex:  8    Spells: 16/24 levels left

rFire   . . .      SeeInvis .    u - +0 hand axe (venom) {axe}
rCold   + . .      Faith    +    (no shield)
rNeg    + . .      Spirit   .    b - +0 robe
rPois   +          Reflect  .    c - +0 hat
rElec   .          Harm     .    (no cloak)
rCorr   .          Rampage  .    (gloves unavailable)
Will    .....                    (boots unavailable)
Stlth   +.........               i - amulet of faith {!P}
HPRegen 0.25/turn                B - ring of poison resistance
MPRegen 0.17/turn                o - ring of Ceazer {rC+ rN+ AC+4 Int+3}

@: drained
A: large, unfitting armour, tough skin 1
a: Renounce Religion, Wall of Briars, Grow Ballistomycete, Overgrow


You were on level 7 of the Dungeon.
You worshipped Fedhas.
Fedhas was greatly pleased with you.
You visited 1 branch of the dungeon, and saw 7 of its levels.

You collected 367 gold pieces.


Innate Abilities, Weirdness & Mutations

You are too large for most types of armour.
You have tough skin. (AC +1)


   Skills:
 + Level 8.2 Fighting
 - Level 1.7 Dodging
 - Level 1.4 Stealth
 + Level 8.2 Spellcasting
 + Level 6.1 Conjurations
 - Level 0.8 Summonings
 - Level 0.8 Translocations
 + Level 6.7 Invocations


You had 16 spell levels left.
You knew the following spells:

 Your Spells              Type           Power      Damage    Failure   Level
a - Magic Dart            Conj           100%       1d8       1%          1
b - Mephitic Cloud        Conj/Pois/Air  17%        N/A       10%         3
c - Flame Wave            Conj/Fire      22%        2d8       21%         4

Your spell library contained the following spells:

 Spells                   Type           Power      Damage    Failure   Level
 Foxfire                  Conj/Fire      88%        2x1d8     1%          1
 Conjure Flame            Conj/Fire      22%        6-21      6%          3
 Dazzling Flash           Conj/Hex       44%        N/A       6%          3
 Freeze                   Ice            36%        1d6       8%          1
 Slow                     Hex            36%        N/A       8%          1
 Blink                    Tloc           24%        N/A       8%          2
 Call Imp                 Summ           12%        N/A       8%          2
 Hailstorm                Conj/Ice       22%        3d7       21%         4
 Frozen Ramparts          Ice            18%        1d3       22%         3
 Inner Flame              Hex/Fire       9%         N/A       22%         3
 Tukima's Dance           Hex            9%         N/A       22%         3
 Passage of Golubria      Tloc           12%        N/A       45%         4
 Agony                    Necr           9%         N/A       90%         5
 Silence                  Hex/Air        4%         N/A       90%         5
 Yara's Violent Unravell  Hex/Tmut       4%         3d4       90%         5
 Dispersal                Tloc           6%         N/A       100%        6
 Disjunction              Tloc           6%         N/A       100%        8

Inventory:

Hand Weapons
 a - a +0 dagger {short}
 l - a +1 whip of flaming {mace}
   (You took it off a gnoll on level 1 of the Dungeon)
 u - a +0 hand axe of venom (weapon) {axe}
   (You took it off an orc on level 6 of the Dungeon)
Missiles
 g - 54 stones {throwing}
 h - 8 poisoned darts {throwing}
 w - 11 boomerangs {throwing}
 A - 3 large rocks {=fthrowing}
Armour
 b - a +0 robe (worn)
 c - a +0 hat (worn)
Jewellery
 i - an amulet of faith (around neck) {!P}
   (You found it on level 2 of the Dungeon)
 m - a ring of protection from fire
   (You found it on level 3 of the Dungeon)
 o - the ring of Ceazer (right hand) {rC+ rN+ AC+4 Int+3}
   (You found it on level 3 of the Dungeon)

   [ring of protection]

   AC:        It affects your AC (+4).
   Int:       It affects your intelligence (+3).
   rC:        It protects you from cold.
   rN:        It protects you from negative energy.
 s - a ring of flight
   (You took it off a goblin on level 3 of the Dungeon)
 y - an amulet of the acrobat
   (You found it on level 6 of the Dungeon)
 B - a ring of poison resistance (left hand)
   (You found it on level 7 of the Dungeon)
Wands
 v - a wand of flame (6)
   (You found it on level 4 of the Dungeon)
Scrolls
 e - 3 scrolls of immolation {!r!r}
 f - 4 scrolls of teleportation {unknown}
 n - a scroll of amnesia {unknown}
 r - a scroll of vulnerability {unknown}
 t - 2 scrolls of enchant armour {unknown}
 z - a scroll of identify {@r1}
Potions
 d - 2 potions of magic
 j - 2 potions of degeneration {!q@e2}
 k - 2 potions of curing {@q1}
 p - 4 potions of might
 q - a potion of mutation {unknown}
 x - a potion of attraction {!q}
 C - 2 potions of cancellation {unknown}

Dungeon Overview and Level Annotations

Branches:
Dungeon (7/15) Zot: 25497  Temple (0/1) D:6

Altars:
Cheibriados
Fedhas
The Shining One

Annotations:
D:3 1 runed translucent door, ytrimaz's ghost, amateur OpTm
D:5 2 transporters, Adrian566's ghost, novice HOFi

##.............##
##.........####..##
##...##....## ##..#
#..#####PP..# ##.##
###.## #.P..##
##.### ##..##
##P....## #...##
###..## #..###..##
##.... #####...##
#.## ##..## ##...
........# #@#
##..### ##.<
####...## ##P#
##...####.. #####
#..# ##........
#.P# ##....... #..#
##...... #....#
##..... ......#
#..... ........#
#.<... ##########
##.....


You could see a friendly ballistomycete (summoned).


Message History

* * * LOW HITPOINT WARNING * * *
Something bites you.
* * * LOW HITPOINT WARNING * * *
Something draws strength from your injuries! 😱 HP[-11]
You take 11 damage, and now have 17/91 hp.
Something hits you but does no damage. Something bites you but does no damage.
Something hits your ballistomycete. Something bites your ballistomycete.
Something hits your ballistomycete!
Something bites your ballistomycete! 😱 HP[+1] MP[+1]
Okay, then.
A briar patch grows up from the ground. x5 😱 HP[+1] MP[-3]
You lost 3 mp, and now have 15/21 mp.
Casting: Magic Dart (safe; 1% risk of failure)
Confirm with . or Enter, or press ? or * to list all spells.
Aiming: Magic Dart (safe; 1% risk of failure)
Press: ? - help, Shift-Dir - straight line Fedhas protects your plant from harm.
The magic dart hits something but does no damage.
Something hits your briar patch but does no damage.
Something bites your briar patch. 😱 MP[-1]
You lost 1 mp, and now have 14/21 mp.
Casting: Magic Dart (safe; 1% risk of failure)
Confirm with . or Enter, or press ? or * to list all spells.
Aiming: Magic Dart (safe; 1% risk of failure)
Press: ? - help, Shift-Dir - straight line Fedhas protects your plant from harm.
The magic dart hits something but does no damage.
Something hits your briar patch but does no damage.
Something bites your briar patch!
Casting: Magic Dart (safe; 1% risk of failure)
Confirm with . or Enter, or press ? or * to list all spells.
Aiming: Magic Dart (safe; 1% risk of failure)
Press: ? - help, Shift-Dir - straight line Fedhas protects your plant from harm.
The magic dart hits something but does no damage.
Something hits your briar patch but does no damage.
Something bites your briar patch. 😱 MP[-1]
You lost 1 mp, and now have 13/21 mp.
Casting: Magic Dart (safe; 1% risk of failure)
Confirm with . or Enter, or press ? or * to list all spells.
Aiming: Magic Dart (safe; 1% risk of failure)
Press: ? - help, Shift-Dir - straight line Fedhas protects your plant from harm.
The magic dart hits something but does no damage.
Something hits your briar patch.
Something bites your briar patch. 😱 HP[+1] MP[-1]
You lost 1 mp, and now have 12/21 mp.
Casting: Magic Dart (safe; 1% risk of failure)
Confirm with . or Enter, or press ? or * to list all spells.
Aiming: Magic Dart (safe; 1% risk of failure)
Press: ? - help, Shift-Dir - straight line Fedhas protects your plant from harm.
The magic dart hits something.
Something is struck by your briar patch's thorns.
Something hits your briar patch!
Your briar patch is destroyed!
Your briar patch disappears in a puff of smoke! 😱 MP[-1]
You lost 1 mp, and now have 11/21 mp.
You walk carefully through the plants.
Something hits you.
* * * LOW HITPOINT WARNING * * *
Something bites you but does no damage. Something hits you.
* * * LOW HITPOINT WARNING * * *
Something bites you.
* * * LOW HITPOINT WARNING * * *
Something draws strength from your injuries! 😱 HP[-4]
You take 4 damage, and now have 16/91 hp.
Something hits you but does no damage. Something bites you.
* * * LOW HITPOINT WARNING * * *
😱 HP[-2] MP[+1]
You take 2 damage, and now have 14/91 hp.
Something hits you.
* * * LOW HITPOINT WARNING * * *
Something bites you.
* * * LOW HITPOINT WARNING * * *
😱 HP[-10]
You take 10 damage, and now have 4/91 hp.
You feel better. Something hits you but does no damage.
Something completely misses you. 😱 HP[+5]
You regained 5 hp, and now have 9/91 hp.
Unknown command.
Unknown command.
A briar patch grows up from the ground.
Something hits you but does no damage. Something bites you.
* * * LOW HITPOINT WARNING * * *
Something draws strength from your injuries! 😱 HP[-5] MP[-3]
You take 5 damage, and now have 4/91 hp.
You lost 3 mp, and now have 9/21 mp.
You walk carefully through the plants.
Something hits you.
* * * LOW HITPOINT WARNING * * *
Something bites you.
You die...
Fedhas appreciates your contribution to the ecosystem.

Skill      XL: |  1  2  3  4  5  6  7  8  9 |
---------------+----------------------------+-----
Conjurations   | 1 2 3 4 5 6 |  6.1
Spellcasting   | 4 5 6 7 8 |  8.2
Fighting       | 1 2 4 5 6 8 |  8.2
Invocations    | 1 2 3 4 5 6 |  6.7
Dodging        | |  1.7
Stealth        | |  1.4
Summonings     | |  0.8
Translocations | |  0.8

Action                   |  1- 3 |  4- 6 |  7- 9 || total
-------------------------+-------+-------+-------++-------
Melee: Dagger            |    23 |       |       ||    23
       Punch             |     1 |     2 |       ||     3
       Whip              |       |    84 |    28 ||   112
       Hand axe          |       |       |   124 ||   124
Throw: Dart              |       |    11 |       ||    11
 Cast: Magic Dart        |    61 |   177 |   197 ||   435
       Mephitic Cloud    |       |       |     2 ||     2
       Flame Wave        |       |       |     1 ||     1
Invok: Wall of Briars    |       |     3 |     3 ||     6
       Grow Ballistomyce |       |       |     2 ||     2
Evoke: Wand              |       |       |     5 ||     5
  Use: Potion            |     1 |     3 |     4 ||     8
       Scroll            |       |     6 |     3 ||     9
Armor: Robe              |    10 |    49 |   140 ||   199
Dodge: Dodged            |    17 |    76 |   128 ||   221

Levels and vault maps discovered:
D:1:      denvon_arrival_hothouse, layout_loops_ring,
          ebering_ecumenical_altar_hall
D:2:      layout_basic, hex_intersection, roderic_lattice_a
D:3:      layout_rooms, hellmonk_ghost_happy_afterlife
D:4:      layout_cave_pools, led_sif_book, old_standard_altar, serial_undead,
          serial_undead_f, serial_undead_d, serial_undead_d, serial_undead_d
D:5:      layout_basic, gammafunk_ghost_gnarly_gnolls,
          cheibrodos_sewer_entry_bend
D:6:      cheibrodos_helix_gallery, layout_basic, temple_fountains, uniq_pikel
D:7:      layout_layer_cave, nicolae_tso_swordbearing_angel

Notes
Turn   | Place    | Note
-------+----------+-------------------------------------------
     0 | D:1      | spaghetti the Ogre Hedge Wizard began the quest for the
                  | Orb.
     0 | D:1      | Reached XP level 1. HP: 16/16 MP: 5/5
     0 | D:1      | magus.rc [v1.9.6]
    24 | D:1      | You pick up a book of Frost and begin reading...
    24 | D:1      | You add the spells Freeze, Frozen Ramparts and Hailstorm to
                  | your library.
    73 | D:1      | Reached skill level 1 in Conjurations
   232 | D:1      | Reached XP level 2. HP: 23/24 MP: 0/6
   396 | D:1      | Reached skill level 4 in Spellcasting
   928 | D:1      | Found a faded altar of an unknown god.
   978 | D:1      | Prayed at the altar of an unknown god.
   978 | D:1      | Became a worshipper of Fedhas Madash
   978 | D:1      | Reached * piety under Fedhas
  1126 | D:2      | Reached XP level 3. HP: 25/31 MP: 1/8
  1352 | D:1      | HP: 2/31 [gnoll/+0 flail (13)]
  1356 | D:1      | Reached skill level 2 in Conjurations
  1700 | D:1      | Reached skill level 1 in Fighting
  1700 | D:1      | Reached skill level 1 in Invocations
  1700 | D:1      | Reached XP level 4. HP: 20/41 MP: 3/10
  2902 | D:3      | Reached ** piety under Fedhas
  2953 | D:3      | Found a runed translucent door.
  2955 | D:3      | Noticed ytrimaz's ghost (amateur OpTm)
  3254 | D:3      | Reached skill level 2 in Fighting
  3275 | D:3      | Reached XP level 5. HP: 37/49 MP: 1/12
  3417 | D:3      | HP: 6/49 [worm (9)]
  3750 | D:3      | Reached skill level 2 in Invocations
  4041 | D:3      | You pick up a book of the Warp and begin reading...
  4041 | D:3      | You add the spells Dispersal and Disjunction to your
                  | library.
  4131 | D:3      | Identified the ring of Ceazer {rC+ rN+ AC+4 Int+3}
  4144 | D:3      | Reached skill level 5 in Spellcasting
  4293 | D:4      | Noticed a phantom
  4373 | D:4      | Reached *** piety under Fedhas
  4417 | D:4      | Reached XP level 6. HP: 56/59 MP: 1/13
  4431 | D:4      | Reached skill level 3 in Conjurations
  4440 | D:4      | Reached skill level 3 in Fighting
  4830 | D:4      | Found a snail-covered altar of Cheibriados.
  4899 | D:4      | Reached skill level 3 in Invocations
  4941 | D:4      | Reached skill level 4 in Fighting
  4941 | D:4      | Reached XP level 7. HP: 39/70 MP: 3/15
  4954 | D:4      | HP: 13/70 [gnoll/+0 club (5)]
  4962 | D:5      | Entered Level 5 of the Dungeon
  4965 | D:5      | HP: 11/70 [scorpion (4)]
  5153 | D:5      | Learned a level 3 spell: Mephitic Cloud
  5566 | D:5      | Reached skill level 6 in Spellcasting
  5566 | D:5      | Reached skill level 4 in Conjurations
  5575 | D:5      | Reached skill level 5 in Fighting
  5575 | D:5      | Reached skill level 4 in Invocations
  5575 | D:5      | Reached XP level 8. HP: 25/80 MP: 5/17
  6376 | D:5      | Found a transporter.
  6534 | D:5      | Found a transporter.
  6736 | D:5      | Identified the +4 scale mail of Hopscotch {rN+}
  6736 | D:5      | Identified the +0 buckler of Minor Irritation {Drain rElec
                  | rCorr Int-2}
  6891 | D:5      | Noticed Adrian566's ghost (novice HOFi)
  7061 | D:6      | Reached **** piety under Fedhas
  7484 | D:6      | Noticed Pikel
  7501 | D:6      | HP: 16/81 [lemure[Pikel] (8)]
  7507 | D:6      | Killed Pikel
  7508 | D:6      | Reached skill level 6 in Fighting
  7508 | D:6      | Reached skill level 7 in Spellcasting
  7508 | D:6      | Reached skill level 5 in Conjurations
  7508 | D:6      | Reached skill level 5 in Invocations
  7986 | D:6      | You pick up a book of Flames and begin reading...
  7986 | D:6      | You add the spells Foxfire, Inner Flame and Flame Wave to
                  | your library.
  8046 | D:6      | Reached XP level 9. HP: 91/92 MP: 14/19
  8058 | D:6      | Learned a level 4 spell: Flame Wave
  8194 | D:6      | Reached skill level 7 in Fighting
  8410 | D:6      | Found a staircase to the Ecumenical Temple.
  8674 | D:6      | Reached skill level 6 in Invocations
  9331 | D:7      | You add the spells Tukima's Dance, Passage of Golubria and
                  | Yara's Violent Unravelling to your library.
  9440 | D:7      | Found a glowing golden altar of the Shining One.
  9751 | D:7      | Reached skill level 8 in Spellcasting
  9813 | D:7      | Reached skill level 8 in Fighting
  9862 | D:7      | You pick up a book of the Senses and begin reading...
  9862 | D:7      | You add the spells Dazzling Flash, Agony and Silence to
                  | your library.
  9899 | D:7      | Reached ***** piety under Fedhas
  9922 | D:7      | HP: 14/87 [wight/+5 flail (8)]
  9923 | D:7      | HP: 6/87 [wight/+3 war axe (9)]
  9924 | D:7      | Reached skill level 6 in Conjurations
 10460 | D:7      | HP: 19/91 [something (9)]
 10474 | D:7      | HP: 19/91 [something (1)]
 10476 | D:7      | HP: 9/91 [something (6)]
 10476 | D:7      | HP: 4/91 [something (5)]
 10480 | D:7      | Slain by a vampire

Vanquished Creatures
  Pikel (D:6)
  A water moccasin (D:7)
  A black bear (D:6)
  3 ice beasts
  A sky beast (D:7)
  3 ogres
  2 centaurs
  2 lemures (D:6)
  A phantom (D:4)
  A necrophage (D:6)
  3 scorpions
  3 wights (D:7)
  2 hounds
  4 orc priests
  2 jellies
  2 orc wizards
  A scorpion zombie (D:4)
  3 iguanas
  A hound zombie (D:4)
  4 gnolls
  8 adders
  2 white imps
  An ufetubus (D:6)
  3 adder zombies (D:4)
  2 adder skeletons (D:4)
  5 worms
  3 dart slugs
  29 orcs
  11 ball pythons
  5 endoplasms
  A giant cockroach (D:4)
  4 goblins
  4 hobgoblins
  2 jackals (D:1)
  3 quokkas
  4 bats
  5 frilled lizards
  5 kobolds
  5 rats
143 creatures vanquished.

Vanquished Creatures (collateral kills)
  A phantom (D:4)
  A scorpion (D:5)
  An orc priest (D:3)
  An orc wizard (D:3)
  An ufetubus (D:4)
  2 orcs
  A ball python (D:3)
  A giant cockroach (D:4)
  A ballistomycete spore (D:7)
10 creatures vanquished.

Vanquished Creatures (others)
  6 plants (D:5)
  3 withered plants (D:4)
9 creatures vanquished.

Grand Total: 162 creatures vanquished

Table legend:
 A = Non-vault XP
 B = Vault XP
 C = Vault XP percentage of total XP
 D = Non-vault monster count
 E = Vault monster count
 F = Vault count percentage of total count
                 A         B        C        D         E       F
            +---------+---------+-------+---------+---------+-------
      Total |    2958 |    1006 |  25.4 |     137 |      13 |   8.7
            +---------+---------+-------+---------+---------+-------
        D:1 |      73 |       0 |   0.0 |      19 |       0 |   0.0
        D:2 |      66 |       0 |   0.0 |      13 |       0 |   0.0
        D:3 |     154 |       0 |   0.0 |      34 |       0 |   0.0
        D:4 |      76 |     294 |  79.5 |      16 |       9 |  36.0
        D:5 |     736 |       5 |   0.7 |      14 |       1 |   6.7
        D:6 |     844 |     707 |  45.6 |      24 |       3 |  11.1
        D:7 |    1009 |       0 |   0.0 |      17 |       0 |   0.0
            +---------+---------+-------+---------+---------+-------

Illustrated notes

Table legend:
 A = Kills in this place as a percentage of kills in entire the game.
 B = Kills by you in this place as a percentage of kills by you in the entire game.
 C = Kills by friends in this place as a percentage of kills by friends in the entire game.
 D = Other kills in this place as a percentage of other kills in the entire game.
 E = Experience gained in this place as a percentage of experience gained in the entire game.
 F = Experience gained in this place divided by the number of levels of this place that you have seen.
                   A       B       C       D       E      F
               +-------+-------+-------+-------+-------+----------------------
         Total | 100.0 | 100.0 | 100.0 |   N/A | 100.0 | 566.3
       Dungeon | 100.0 | 100.0 | 100.0 |   N/A | 100.0 | 566.3
               +-------+-------+-------+-------+-------+----------------------

Table legend: (Time is in decaauts)
 A = Elapsed time spent in this place.
 B = Non-inter-level travel time spent in this place.
 C = Inter-level travel time spent in this place.
 D = Time resting spent in this place.
 E = Time spent auto-exploring this place.
 F = Levels seen in this place.
 G = Mean time per level.
                   A        B        C        D        E       F      G
               +--------+--------+--------+--------+--------+-----+--------+
         Total |  10543 |  10382 |    161 |   1312 |   7820 |   7 | 1506.1 |
       Dungeon |  10543 |  10382 |    161 |   1312 |   7820 |   7 | 1506.1 |
               +--------+--------+--------+--------+--------+-----+--------+

Top non-repeatable levels by time:
     D:5: 2067 daAuts
     D:6: 1995 daAuts
     D:1: 1723 daAuts
     D:7: 1503 daAuts
     D:3: 1445 daAuts
     D:2: 1179 daAuts
     D:4: 628 daAuts
